 Dungeon Crawl Stone Soup version 0.28.0 (webtiles) character file.

Game seed: 3091616743602682937

68 bande the Covered (level 4, -7/29 HPs)
             Began as a Gargoyle Fighter on Feb 18, 2022.
             Mangled by Terence (11 damage)
             ... on level 2 of the Dungeon.
             The game lasted 00:02:42 (1524 turns).

bande the Covered (Gargoyle Fighter)                Turns: 1524, Time: 00:02:43

Health: -7/29      AC: 11    Str: 19    XL:     4   Next: 19%
Magic:  3/3        EV:  9    Int:  9    God:
Gold:   70         SH:  5    Dex: 11    Spells: 3/3 levels left

rFire   . . .      SeeInvis .   a - +0 war axe
rCold   . . .      Faith    .   c - +1 buckler
rNeg    + . .      Spirit   .   b - +0 scale mail
rPois   ∞          Reflect  .   (no helmet)
rElec   +          Harm     .   (no cloak)
rCorr   .          Rampage  .   k - +0 pair of gloves
Will    .....      Rage     1%  (no boots)
Stlth   ..........              (no amulet)
HPRegen 0.09/turn               (no ring)
MPRegen 0.08/turn               (no ring)

@: no status effects
A: sickness immunity, AC +3, negative energy resistance 1, electricity
resistance, torment resistance 1, petrification resistance, berserk 1, low MP 1,
evolution 1
a: no special abilities


You were on level 2 of the Dungeon.
You visited 1 branch of the dungeon, and saw 2 of its levels.

You collected 70 gold pieces.

Inventory:

Hand Weapons
 a - a +0 war axe (weapon)
Armour
 b - a +0 scale mail (worn)
 c - a +1 buckler (worn)
 k - a +0 pair of gloves (worn)
Jewellery
 n - a +4 ring of evasion
Potions
 d - a potion of might
 e - a potion of heal wounds
 f - a potion of curing {unknown}
 g - a potion of invisibility {unknown}
 h - a potion of degeneration {unknown}
 i - a potion of attraction {unknown}
 m - a potion of lignification {unknown}


   Skills:
 + Level 3.7 Fighting
 + Level 2.7 Axes
 + Level 3.9 Armour
 - Level 0.1 Dodging
 + Level 0.1 Stealth
 + Level 3.6 Shields


You had 3 spell levels left.
You didn't know any spells.
Your spell library contained the following spells:

 Spells                   Type           Power      Damage    Failure   Level
 Static Discharge         Conj/Air       0%         N/A       93%         2
 Lightning Bolt           Conj/Air       0%         1d11      100%        5
 Maxwell's Capacitive Co  Air            0%         ∞         100%        8


Dungeon Overview and Level Annotations

Branches:
Dungeon (2/15)

Altars:

Annotations:
D:2 Terence


Innate Abilities, Weirdness & Mutations

You are immune to sickness and miasma.
Your stone body is resilient. (AC +3)
You are immune to poison.
You resist negative energy. (rN+)
You are resistant to electric shocks. (rElec)
You are resistant to unholy torment.
You are immune to petrification.
You tend to lose your temper in combat.
Your magical capacity is low. (-10% MP)
You have hidden genetic potential.


Message History

Jessica blinks!
Jessica moves out of view.
No target in view!
No target in view!
Jessica gestures at you while chanting. Pain shoots through your body!
Jessica is nearby!
You slash Jessica!
You kill Jessica!
You have reached level 4!
You feel clever.
f - a puce potion
Things that are here:
a +0 dagger; a +0 robe; the human corpse of Jessica
Found a stone staircase leading down.
You now have 70 gold pieces (gained 4).
Terence the Incautious comes into view.
He is wielding a +5 flail of holy wrath.
Terence looks scornfully at you. Terence closely misses you.
You closely miss Terence. Terence looks scornfully at you.
Terence hits you with a +5 flail of holy wrath!
Terence hits you but does no damage.
You barely miss Terence. You block Terence's attack.
You hit Terence but do no damage.
Terence hits you with a +5 flail of holy wrath.
Terence closely misses you.
You hit Terence but do no damage. Terence closely misses you.
You barely miss Terence. Terence screams, "I want your blood!"
Terence hits you with a +5 flail of holy wrath!
You hit Terence.
Terence is moderately wounded.
Terence hits you with a +5 flail of holy wrath.
* * * LOW HITPOINT WARNING * * *
Terence hits you with a +5 flail of holy wrath.
* * * LOW HITPOINT WARNING * * *
You hit Terence.
Terence is moderately wounded.
Terence hits you with a +5 flail of holy wrath!
You die...

#.......>.#.# #
.........##.#
#.######.##.#
#.##.# #.##.## #
## #.#...##
.###.# ##..###.#
#.####.#.# #...#
#.. #..@@...#
#...###.#
######..#
#..#...## #..#
#..##.### #..#
#........ #..#
#.###.... #..#
#. ##..## #..#
#.##...# #>.#
#.##.#.#
#..#####.##.#.##


You could see Terence.

Vanquished Creatures
  Jessica (D:2)
  A dart slug (D:2)
  9 endoplasms
  2 giant cockroaches (D:2)
  4 goblins
  2 hobgoblins (D:1)
  2 quokkas (D:2)
  5 ball pythons
  3 bats
  2 kobolds
  5 rats (D:1)
36 creatures vanquished.

Notes
Turn   | Place    | Note
-------+----------+-------------------------------------------
     0 | D:1      | bande the Gargoyle Fighter began the quest for the Orb.
     0 | D:1      | Reached XP level 1. HP: 14/14 MP: 1/1
    52 | D:1      | Reached XP level 2. HP: 13/19 MP: 2/2
   287 | D:1      | Found a faded altar of an unknown god.
   947 | D:2      | Reached XP level 3. HP: 24/24 MP: 3/3
  1256 | D:2      | Gained mutation: You tend to lose your temper in combat.
                  | [potion of mutation]
  1256 | D:2      | Gained mutation: Your magical capacity is low. (-10% MP)
                  | [potion of mutation]
  1256 | D:2      | Gained mutation: You have hidden genetic potential. [potion
                  | of mutation]
  1431 | D:2      | Noticed Jessica
  1435 | D:2      | Killed Jessica
  1436 | D:2      | Reached XP level 4. HP: 25/29 MP: 3/3
  1515 | D:2      | Noticed Terence
  1524 | D:2      | Mangled by Terence

Illustrated notes

Levels and vault maps discovered:
D:1:      dpeg_arrival_fog, layout_basic, hellmonk_ecumenical_altar_lost_god
D:2:      layout_loops_ring, uniq_jessica, uniq_terence

Skill      XL: |  1  2 |
---------------+-------+-----
Axes           | 2 |  2.7
Fighting       | |  3.7
Armour         | |  3.9
Dodging        | |  0.1
Stealth        | |  0.1
Shields        | |  3.6

Action                   |  1- 3 |  4- 6 || total
-------------------------+-------+-------++-------
Melee: War axe           |    75 |     7 ||    82
  Use: Scroll            |     6 |       ||     6
       Potion            |     1 |       ||     1
Armor: Scale mail        |    31 |     1 ||    32
Dodge: Dodged            |    30 |     3 ||    33
Block: Buckler           |    15 |     1 ||    16
